 Dungeon Crawl Stone Soup version 0.16.1-25-gbcee3f8 (webtiles) character file.

1206 angrylion the Shield-Bearer (level 8, -1/49 HPs)
             Began as a Gargoyle Fighter on May 22, 2015.
             Splashed by a jelly's acid (8 damage)
             ... on level 5 of the Dungeon.
             The game lasted 00:30:19 (4324 turns).

angrylion the Shield-Bearer (Gargoyle Fighter)      Turns: 4324, Time: 00:30:19

Health: -1/49      AC: -18   Str: 22    XL:     8   Next: 45%
Magic:  8/8        EV:  9    Int:  9    God:
Gold:   206        SH: 10    Dex:  9    Spells: 0 memorised, 7 levels left

rFire  . . .     SeeInvis .     a - +0 flail
rCold  . . .     Clarity  .     b - +0 scale mail
rNeg   + . .     SustAb   .     c - +0 shield
rPois  ∞         Gourm    .     q - +0 helmet
rElec  +         Spirit   .     s - +1 cloak
rCorr  .         Warding  .     (no gloves)
rMut   .         Stasis   .     (no boots)
MR     .....                    (no amulet)
Stlth  +.........               (no ring)
                                i - ring of stealth

@: corroded equipment, not resistant to hostile enchantments, very unstealthy
A: negative energy resistance 1, electricity resistance, unbreathing,
petrification resistance, rot immunity, AC +5
a: no special abilities


You were on level 5 of the Dungeon.
You were not hungry.

You visited 1 branch of the dungeon, and saw 5 of its levels.

You collected 206 gold pieces.

Inventory:

Hand weapons
 a - a +0 flail (weapon)
Missiles
 k - 205 stones (quivered)
 m - a throwing net
Armour
 b - a +0 scale mail (worn)
 c - a +0 shield (worn)
 q - a +0 helmet (worn)
 s - a +1 cloak (worn)
Jewellery
 i - a ring of stealth (left hand)
Magical devices
 p - a wand of flame (5)
Scrolls
 h - 4 scrolls of teleportation
 n - 2 scrolls of magic mapping
 t - a scroll of remove curse
 x - a scroll of immolation {unknown}
Potions
 e - a potion of might
 f - a potion of flight
 r - 2 potions of cancellation
 u - 2 potions of cure mutation
 w - a potion of resistance
 z - a potion of haste
Comestibles
 d - 3 bread rations
 l - 4 meat rations
 o - a slice of pizza
 v - a royal jelly


   Skills:
 + Level 5.2 Fighting
 + Level 4.1 Maces & Flails
 + Level 2.3 Throwing
 + Level 5.6 Armour
 + Level 3.9 Dodging
 + Level 0.2 Stealth
 + Level 5.7 Shields
 + Level 0.2 Evocations


You had 7 spell levels left.
You didn't know any spells.

Dungeon Overview and Level Annotations

Branches:
Dungeon (5/15)
 Temple: D:4-7

Altars:
Ru
Sif Muna


Innate Abilities, Weirdness & Mutations

You are resistant to torment.
You are immune to poison.
Your stone body is very resilient (AC +5).
You resist negative energy.
You are resistant to electric shocks.
You can survive without breathing.
You are immune to petrification.
You are immune to rotting.


Message History

The jelly is moderately wounded.
You hear a slurping noise.
The jelly hits you.
You are splashed with acid!
The acid corrodes your equipment!
The acid burns!
* * * LOW HITPOINT WARNING * * *
Drink which item? (? for menu, Esc to quit)
Okay, then.
Read which item? (? for menu, Esc to quit)
As you read the scroll of fear, it crumbles to dust.
You assume a fearsome visage.
The jelly looks frightened!
You hear a slurping noise.
You hear a slurping noise.
The jelly jiggles.
You start resting.
You hear a distant slurping noise.
The jelly quivers.
You climb downwards.
The jelly hits you.
* * * LOW HITPOINT WARNING * * *
You are splashed with acid!
The acid burns!
You die...

................###......<....###
##....####.........##..#.####....
##(####.....######.##....## #####
.p.........## #.#..#...# #
..##..J..#.### #...##...#######
## ####§.#...# ##..........÷).>
#(####.# #.......?.####..
#...(#.#####....#..........
#.##.....J@...###...####...
#..#####.#....####...####...
.........................#...
###.##.........#####..........
.....###.##......>.###.##...
....# ...##.######.# # #... >..
#.#.##.# #.# #... ......... #.#
...... ##( ...... #.. .......


You could see a jelly.

Vanquished Creatures
  Pikel (D:5)
  A slave (D:4)
  A phantom (D:4)
  An ogre (D:4)
  A centaur (D:5)
  A giant frog (D:4)
  A crimson imp (D:4)
  A hound (D:4)
  Crazy Yiuf (D:2)
  A giant frog skeleton (D:5)
  2 orc wizards (D:4)
  3 worker ants
  6 adders
  3 gnolls (D:3)
  2 worms
  An adder skeleton (D:4)
  6 giant geckos
  An ooze (D:4)
  3 orcs
  2 ball pythons
  7 bats
  A bat zombie (D:4)
  11 goblins
  12 hobgoblins
  7 jackals
  5 quokkas
  5 giant cockroaches
  4 giant newts
  11 kobolds
  10 rats
112 creatures vanquished.

Notes
Turn   | Place    | Note
--------------------------------------------------------------
     0 | D:1      | angrylion, the Gargoyle Fighter, began the quest for the Orb.
     0 | D:1      | Reached XP level 1. HP: 14/14 MP: 1/1
   216 | D:1      | Reached XP level 2. HP: 19/19 MP: 2/2
   801 | D:2      | Reached XP level 3. HP: 24/24 MP: 3/3
  1230 | D:2      | Noticed Crazy Yiuf
  1240 | D:2      | Killed Crazy Yiuf
  1240 | D:2      | Reached skill level 4 in Armour
  1240 | D:2      | Reached XP level 4. HP: 18/29 MP: 1/4
  1780 | D:3      | Reached skill level 1 in Dodging
  1855 | D:3      | Reached XP level 5. HP: 33/33 MP: 5/5
  1996 | D:2      | Found a deep blue altar of Sif Muna.
  2394 | D:3      | Found a sacrificial altar of Ru.
  2872 | D:4      | Reached XP level 6. HP: 29/38 MP: 6/6
  3407 | D:5      | Entered Level 5 of the Dungeon
  3474 | D:5      | Noticed Pikel
  3706 | D:4      | Reached XP level 7. HP: 44/44 MP: 7/7
  3800 | D:4      | Reached skill level 5 in Armour
  3800 | D:4      | Reached skill level 5 in Shields
  4154 | D:5      | Killed Pikel
  4154 | D:5      | Reached skill level 5 in Fighting
  4154 | D:5      | Reached XP level 8. HP: 43/49 MP: 8/8
  4324 | D:5      | Splashed by a jelly's acid

Action                   |  1- 3 |  4- 6 |  7- 9 || total
-------------------------+-------+-------+-------++-------
Melee: Flail             |   121 |   294 |   142 ||   557
Throw: Stone             |    11 |    16 |    29 ||    56
Evoke: Wand              |       |     5 |     1 ||     6
  Use: Scroll            |     7 |     3 |     4 ||    14
       Potion            |       |       |     1 ||     1
  Eat: Chunk             |     1 |     9 |     2 ||    12
